 Dungeon Crawl Stone Soup version 0.29-a0-284-gf9362112df (webtiles) character file.

Game seed: 8064702548119501067

12313 spaghetti the Reanimator (level 11, -19/94 HPs)
             Began as a Demigod Artificer on Mar 24, 2022.
             Shot with a bolt by an orc knight (27 damage)
             ... on level 10 of the Dungeon.
             The game lasted 00:29:55 (14132 turns).

spaghetti the Reanimator (Demigod Artificer)       Turns: 14132, Time: 00:29:55

Health: -19/94     AC: 13    Str: 17    XL:     11   Next: 35%
Magic:  14/17      EV: 15    Int: 17    God:
Gold:   498        SH:  0    Dex: 12    Spells: 2/14 levels left

rFire   + . .      SeeInvis .   L - +3 demon whip (venom) {mace}
rCold   . . .      Faith    .   (no shield)
rNeg    . . .      Spirit   .   K - +0 acid dragon scales
rPois   .          Reflect  .   P - +2 hat
rElec   .          Harm     .   (no cloak)
rCorr   +          Rampage  .   O - +0 pair of gloves
Will    ++...                   (no boots)
Stlth   ..........              y - amulet of regeneration {@e2}
HPRegen 1.05/turn               A - +4 ring of evasion
MPRegen 0.15/turn               v - ring "Konouz" {rF+ Will+ AC+4 Str-4}

@: confused, death channelling, ambrosia-drunk, wereblooded (expiring)
A: high MP 1, forlorn, divine attributes, clumsy 1
a: no special abilities


You were on level 10 of the Dungeon.
You visited 1 branch of the dungeon, and saw 12 of its levels.

You collected 498 gold pieces.


Innate Abilities, Weirdness & Mutations

You have an increased reservoir of magic. (+10% MP)
You shall have no god before yourself.
Your divine heritage dramatically boosts your attributes as you level up.
You are clumsy. (Dex -2)


   Skills:
 - Level 8.2 Fighting
 + Level 5.7 Maces & Flails
 - Level 1.7 Armour
 - Level 0.8 Dodging
 - Level 0.8 Stealth
 - Level 2.0 Spellcasting
 + Level 13.0 Necromancy
 - Level 5.0 Evocations


You had 2 spell levels left.
You knew the following spells:

 Your Spells              Type           Power      Damage    Failure   Level
a - Wereblood             Tmut           1%         N/A       36%         2
b - Animate Dead          Necr           22%        N/A       1%          4
c - Death Channel         Necr           22%        N/A       19%         6

Your spell library contained the following spells:

 Spells                   Type           Power      Damage    Failure   Level
 Animate Skeleton         Necr           90%        N/A       1%          1
 Apportation              Tloc           2%         N/A       26%         1
 Beastly Appendage        Tmut           2%         N/A       26%         1
 Magic Dart               Conj           4%         1d3       26%         1
 Summon Small Mammal      Summ           4%         N/A       26%         1
 Call Imp                 Summ           1%         N/A       36%         2
 Borgnjor's Vile Clutch   Necr/Erth      11%        N/A       45%         5
 Mephitic Cloud           Conj/Pois/Air  1%         N/A       61%         3
 Spider Form              Tmut/Pois      1%         N/A       61%         3
 Tukima's Dance           Hex            1%         N/A       61%         3
 Passage of Golubria      Tloc           1%         N/A       95%         4
 Summon Forest            Summ/Tloc      0%         N/A       100%        5
 Summon Mana Viper        Hex/Summ       1%         N/A       100%        5
 Yara's Violent Unravell  Hex/Tmut       0%         3d3       100%        5
 Summon Cactus Giant      Summ           0%         N/A       100%        6

Inventory:

Hand Weapons
 a - a +1 club {mace}
 c - a +0 trident {polearm}
   (You found it on level 2 of the Dungeon)
 g - a +1 vorpal spear {polearm}
   (You found it on level 3 of the Dungeon)
 t - a +4 trident of freezing {polearm}
   (You took it off a wight on level 8 of the Dungeon)
 L - a +3 demon whip of venom (weapon) {mace}
   (You took it off Amaemon on level 9 of the Dungeon)
Missiles
 h - 37 poisoned darts {throwing}
 i - 236 stones (quivered) {throwing}
 n - 2 boomerangs of dispersal {=f!fthrowing}
 D - 7 boomerangs {throwing}
Armour
 b - a +1 leather armour
 K - +0 acid dragon scales (worn)
   (You found it on level 9 of the Dungeon)
 M - a +0 troll leather armour
   (You found it on level 9 of the Dungeon)
 O - a +0 pair of gloves (worn)
   (You found it on level 10 of the Dungeon)
 P - a +2 hat (worn)
   (You took it off Gastronok on level 10 of the Dungeon)
Jewellery
 o - a ring of ice
   (You found it on level 8 of the Dungeon)
 p - a +6 ring of intelligence
   (You found it on level 9 of the Dungeon)
 q - a ring of willpower
   (You found it on level 3 of the Dungeon)
 v - the ring "Konouz" (right hand) {rF+ Will+ AC+4 Str-4}
   (You found it on level 4 of the Dungeon)

   [ring of protection]

   AC:        It affects your AC (+4).
   Str:       It affects your strength (-4).
   rF:        It protects you from fire.
   Will:      It increases your willpower.
 y - an amulet of regeneration (around neck) {@e2}
   (You found it on level 11 of the Dungeon)
 z - an amulet of faith {!P}
   (You found it on level 5 of the Dungeon)
 A - a +4 ring of evasion (left hand)
   (You found it on level 5 of the Dungeon)
 I - an amulet of magic regeneration {@e2}
   (You found it on level 6 of the Dungeon)
Wands
 e - a wand of iceblast (5)
 F - a wand of acid (5)
   (You took it off Amaemon on level 9 of the Dungeon)
 H - a wand of polymorph (5)
   (You took it off an orc on level 8 of the Dungeon)
Scrolls
 f - 6 scrolls of teleportation {@r4}
 k - a scroll of brand weapon
 l - 3 scrolls of noise {!r}
 r - 5 scrolls of vulnerability {!r!r}
 C - a scroll of holy word
 E - 2 scrolls of enchant armour
Potions
 j - a potion of cancellation
 m - a potion of might
 s - a potion of lignification {!q}
 u - a potion of flight
 w - 4 potions of curing {@q1}
 x - a potion of attraction {!q}
 B - 2 potions of resistance
 J - a potion of brilliance {unknown}

Dungeon Overview and Level Annotations

Branches:
Dungeon (12/15)            Temple (0/1) D:5            Lair (0/6) D:9
    Orc (0/2) D:10

Shops:
D:9 *

Annotations:
D:3 2 transporters, 2 runed translucent doors, Charmandara's ghost, weakling VSBe
D:11 exclusion: cyclops

#...#
#........#####
###.###..........#
#...#........#.#
###.#####....#.# #
#.# .........# #
#####o##.....#####
# #....oo...... #
#..o.###..... #
#..@.# ..... #
#....# ... #....#
.. #....# . ##...#
#...# #...# #...#
###


You could see an orc knight, 2 orc warriors and an orc (strong).


Message History

There are monsters nearby!
Casting: Animate Dead (mildly dangerous; 1% risk of failure)
Confirm with . or Enter, or press ? or * to list all spells.
Malign forces permeate your being, awaiting release.
The orc knight shouts! 😎 MP[-6]
You lost 6 mp, and now have 11/17 mp.
Casting: Death Channel (dangerous; 19% risk of failure)
Confirm with . or Enter, or press ? or * to list all spells.
Your blood is infused with primal strength.
An orc comes into view. It is wielding a +0 war axe. 😎 MP[-2]
You lost 2 mp, and now have 9/17 mp.
You closely miss the orc warrior.
The orc warrior hits you with a +0 long sword!
The orc warrior closely misses you. 😕 HP[-10]
You take 10 damage, and now have 84/94 hp.
You closely miss the orc warrior. 😕 HP[+1]
You barely miss the orc warrior.
The orc warrior barely misses you. 😕 HP[+1]
You closely miss the orc warrior. The orc warrior misses you.
The orc warrior hits you from afar with a +0 halberd.
The orc knight roars a battlecry!
The orcs go into a battle-frenzy! 😕 HP[-3] MP[+1]
You take 3 damage, and now have 83/94 hp.
You barely miss the orc warrior. The orc warrior closely misses you.
The orc warrior hits you from afar with a +0 halberd! 😮 HP[-13]
You take 13 damage, and now have 70/94 hp.
You are too injured to fight recklessly!
You are too injured to fight recklessly!
You are too injured to fight recklessly!
You are too injured to fight recklessly!
You are too injured to fight recklessly!
You are too injured to fight recklessly!
You are too injured to fight recklessly!
You are too injured to fight recklessly!
You are too injured to fight recklessly!
You are too injured to fight recklessly!
You are too injured to fight recklessly!
You are too injured to fight recklessly!
You are too injured to fight recklessly!
You are too injured to fight recklessly!
You are too injured to fight recklessly!
You are too injured to fight recklessly!
You are too injured to fight recklessly!
Unknown command. 😕 HP[+1]
You hit the orc warrior.
The orc warrior hits you with a +0 long sword!
The orc warrior hits you but does no damage. 😮 HP[-12]
You take 12 damage, and now have 59/94 hp.
Aiming: Charm
Press: ? - help, Shift-Dir - straight line, f - orc warrior
Aim: an orc warrior, wielding a +0 halberd and wearing a +0 plate armour (strong, chance to affect: 62%)
The orc warrior resists with significant effort.
The orc warrior hits you with a +0 long sword.
The orc warrior closely misses you. 😮 HP[-1]
You take 1 damage, and now have 58/94 hp.
Aiming: Charm
Press: ? - help, Shift-Dir - straight line, p - orc warrior Nothing appears to happen.
The now-empty wand crumbles to dust.
The orc warrior hits you with a +0 long sword.
The orc warrior hits you from afar with a +0 halberd!!
* * * LOW HITPOINT WARNING * * *
😨 HP[-29]
You take 29 damage, and now have 29/94 hp.
MASSIVE DAMAGE!! (PAUSE)
You hit the orc warrior but do no damage. 😨 HP[+1]
You hit the orc warrior.
The orc warrior is poisoned.
The orc warrior hits you with a +0 long sword!
* * * LOW HITPOINT WARNING * * *
The orc warrior barely misses you. 😱 HP[-15]
You take 15 damage, and now have 15/94 hp.
The orc warrior attacks as you move away!
The orc warrior hits you with a +0 long sword.
* * * LOW HITPOINT WARNING * * *
😱 HP[-4] MP[+1]
You take 4 damage, and now have 11/94 hp.
It was a potion of mutation.
You feel extremely strange.
You feel clumsy.
The orc warrior barely misses you. x2 😱 HP[+1] It was a potion of ambrosia.
You are confused.
You feel invigorated.
Your primal bloodlust is almost over.
The orc warrior hits you with a +0 long sword!
* * * LOW HITPOINT WARNING * * *
The orc warrior barely misses you.
The orc knight unwields a +0 battleaxe.
The orc knight wields a +0 arbalest.
The orc knight shoots a bolt.
The bolt hits you!!
You die...

Skill      XL: |  1  2  3  4  5  6  7  8  9 10 11 |
---------------+----------------------------------+-----
Evocations     | 3 4 5 |  5.0
Fighting       | 2 3 6 7 8 |  8.2
Necromancy     | 3 8 11 12 13 | 13.0
Spellcasting   | 2 |  2.0
Maces & Flails | 3 5 |  5.7
Armour         | |  1.7
Dodging        | |  0.8
Stealth        | |  0.8

Action                   |  1- 3 |  4- 6 |  7- 9 | 10-12 || total
-------------------------+-------+-------+-------+-------++-------
Melee: Club              |   170 |     4 |       |       ||   174
       Spear             |       |   124 |   228 |       ||   352
       Trident           |       |     5 |    57 |   136 ||   198
       Punch             |       |       |     4 |     6 ||    10
       Demon whip        |       |       |       |   161 ||   161
Throw: Dart              |    14 |     7 |       |       ||    21
       Stone             |       |    33 |     1 |     3 ||    37
 Cast: Animate Dead      |       |       |     3 |     4 ||     7
       Wereblood         |       |       |     1 |     1 ||     2
       Death Channel     |       |       |       |     7 ||     7
Evoke: Wand              |    15 |    14 |    21 |    20 ||    70
  Use: Scroll            |     7 |     1 |     5 |    10 ||    23
       Potion            |       |       |     6 |     5 ||    11
 Stab: Sleeping          |       |     1 |       |       ||     1
       Paralysed         |       |       |    39 |     4 ||    43
       Distracted        |       |       |     1 |       ||     1
Armor: Leather armour    |    82 |    47 |    75 |    43 ||   247
       Skin              |       |       |    16 |       ||    16
       Acid dragon scale |       |       |       |    56 ||    56
Dodge: Dodged            |   127 |    73 |   183 |   235 ||   618

Levels and vault maps discovered:
D:1:      lemuel_arrival_behind_the_door_small, layout_rooms,
          shapermc_ecumenical_altar_petra, minmay_misc_feat_iff,
          minmay_tetromino_t4
D:2:      layout_rooms
D:3:      layout_loops_corners, gammafunk_temple_overflow_arena,
          riverfiend_overflow_shadow_ancestor, ebering_ghost_disaster_area,
          uniq_ijyb
D:4:      layout_loops_ring, corexii_item_surrounded_by_moat
D:5:      layout_basic, lemuel_crystal_altar, tgw_kikubaaqudgha,
          fedhas_ov_isle_minmay, minmay_temple_entry_purple_smoke
D:6:      layout_loops_ring, mainiacjoe_overflow_alcove_4, uniq_blork_the_orc,
          uniq_edmund
D:7:      layout_basic
D:8:      layout_basic, mainiacjoe_overflow_alcove_2,
          minmay_misc_feat_four_crosses, uniq_joseph
D:9:      layout_long_grid, nicolae_overflow_crystal_walls,
          nicolae_gozag_zags_fifth_avenue, dpeg_lair_monsters,
          grunt_decor_junction, uniq_amaemon
D:10:     layout_basic, chequers_temple_overflow_statue_of_worship, david_orc_3,
          grunt_ministairs_14, dk_rats_in_the_wall, uniq_gastronok
D:11:     nzn_winding_woodlands_large [nzn_winding_woodlands_hourglass,
          nzn_winding_woodlands_5x15_garden, nzn_winding_woodlands_5x5_cross,
          nzn_winding_woodlands_center_diamonds,
          nzn_winding_woodlands_15x15_five_gardens,
          nzn_winding_woodlands_center_garden,
          nzn_winding_woodlands_5x5_checkerboard,
          nzn_winding_woodlands_5x15_cabin, nzn_winding_woodlands_5x5_three],
          layout_irregular_city, minmay_misc_feat_tower
D:12:     layout_irregular_city, serial_shops, shop

Notes
Turn   | Place    | Note
-------+----------+-------------------------------------------
     0 | D:1      | spaghetti the Demigod Artificer began the quest for the
                  | Orb.
     0 | D:1      | Reached XP level 1. HP: 15/15 MP: 3/3
     0 | D:1      | magus.rc [v1.9.6]
    32 | D:1      | Reached skill level 3 in Evocations
   341 | D:1      | Reached XP level 2. HP: 13/22 MP: 4/4
   669 | D:1      | HP: 5/22 [dart slug/slug dart (1)]
  1437 | D:2      | Reached XP level 3. HP: 23/27 MP: 5/5
  1547 | D:2      | Reached skill level 4 in Evocations
  1759 | D:2      | HP: 6/27 [adder (1)]
  2737 | D:2      | Reached XP level 4. HP: 15/34 MP: 6/6
  2777 | D:2      | HP: 7/34 [worm (8)]
  3415 | D:3      | Noticed a shadow
  3582 | D:3      | Noticed Ijyb
  3583 | D:3      | Killed Ijyb
  3584 | D:3      | Reached skill level 5 in Evocations
  3631 | D:3      | Noticed a bullfrog
  3633 | D:3      | Found a transporter.
  3638 | D:3      | Noticed an ogre
  3668 | D:3      | Found a transporter.
  3766 | D:3      | Reached skill level 1 in Fighting
  4177 | D:3      | Reached skill level 2 in Fighting
  4314 | D:3      | Found a large runed translucent door.
  4315 | D:3      | Found a large runed translucent door.
  4317 | D:3      | Noticed Charmandara's ghost (weakling VSBe)
  4432 | D:4      | Reached XP level 5. HP: 41/41 MP: 7/7
  4774 | D:4      | Reached skill level 3 in Fighting
  4928 | D:4      | Identified the ring "Konouz" {rF+ Will+ AC+4 Str-4}
  5036 | D:5      | Entered Level 5 of the Dungeon
  5052 | D:5      | HP: 6/45 [orc priest/divine providence (12)]
  5058 | D:5      | Reached XP level 6. HP: 7/52 MP: 8/8
  5066 | D:5      | HP: 6/52 [orc/+0 club (3)]
  5094 | D:5      | HP: 10/52 [hound (1)]
  5101 | D:5      | Reached skill level 4 in Fighting
  5101 | D:5      | HP: 10/52 [ice beast (1)]
  5101 | D:5      | HP: 2/52 [ice beast (8)]
  5597 | D:5      | Reached skill level 5 in Fighting
  5950 | D:5      | HP: 14/56 [something (6)]
  6372 | D:5      | Found a staircase to the Ecumenical Temple.
  6545 | D:5      | Noticed a human
  6549 | D:5      | Killed a human
  6589 | D:5      | Reached skill level 6 in Fighting
  6589 | D:5      | Reached XP level 7. HP: 26/63 MP: 9/9
  6989 | D:7      | Reached skill level 7 in Fighting
  7230 | D:7      | You pick up a book of Unlife and begin reading...
  7230 | D:7      | You add the spells Animate Dead, Borgnjor's Vile Clutch and
                  | Death Channel to your library.
  7264 | D:7      | You pick up a book of Changes and begin reading...
  7264 | D:7      | You add the spells Beastly Appendage, Wereblood and Spider
                  | Form to your library.
  7276 | D:7      | Reached skill level 1 in Necromancy
  7607 | D:7      | Reached skill level 2 in Necromancy
  7728 | D:7      | You add the spells Tukima's Dance, Passage of Golubria and
                  | Yara's Violent Unravelling to your library.
  7739 | D:7      | Reached skill level 3 in Necromancy
  7952 | D:7      | Reached XP level 8. HP: 73/73 MP: 10/10
  7955 | D:7      | Learned a level 2 spell: Wereblood
  7960 | D:7      | Learned a level 4 spell: Animate Dead
  8005 | D:7      | Reached skill level 4 in Necromancy
  8112 | D:7      | Noticed a hornet
  8115 | D:7      | Paralysed by a hornet for 3 turns
  8123 | D:7      | Paralysed by a hornet for 2 turns
  8125 | D:7      | Killed a hornet
  8125 | D:7      | HP: 27/109 [poisoned by a hornet]
  8126 | D:7      | Reached skill level 5 in Necromancy
  8127 | D:7      | HP: 13/73 [poisoned by a hornet]
  8130 | D:7      | HP: 6/73 [poisoned by a hornet]
  8855 | D:8      | HP: 16/73 [orc warrior/+0 morningstar (4)]
  8873 | D:8      | Reached skill level 6 in Necromancy
  8874 | D:8      | HP: 24/109 [orc/+1 flail of protection (8)]
  8884 | D:8      | HP: 19/109 [orc/+1 flail of protection (8)]
  9285 | D:8      | Noticed Joseph
  9305 | D:8      | Killed Joseph
  9306 | D:8      | Reached skill level 7 in Necromancy
  9318 | D:8      | Noticed an efreet
  9324 | D:8      | HP: 13/72 [efreet/+4 scimitar of flaming (25)]
  9326 | D:8      | Killed an efreet
  9327 | D:8      | Reached skill level 8 in Necromancy
  9327 | D:8      | Reached XP level 9. HP: 7/79 MP: 11/11
  9918 | D:8      | You pick up a book of Minor Magic and begin reading...
  9918 | D:8      | You add the spells Magic Dart, Call Imp and Mephitic Cloud
                  | to your library.
  9986 | D:8      | HP: 16/79 [orc warrior/+0 long sword of freezing (5)]
 10320 | D:9      | You fall into a shaft and drop 3 floors!
 10357 | D:11     | Noticed a two-headed ogre
 10358 | D:11     | Noticed a kobold demonologist
 10362 | D:11     | Killed a two-headed ogre
 10363 | D:11     | Reached skill level 9 in Necromancy
 10375 | D:11     | Reached skill level 10 in Necromancy
 10625 | D:11     | You pick up a book of Cantrips and begin reading...
 10625 | D:11     | You add the spells Animate Skeleton, Summon Small Mammal
                  | and Apportation to your library.
 10713 | D:11     | Noticed a death knight
 10716 | D:11     | Noticed a freezing wraith
 10726 | D:11     | Noticed a freezing wraith
 10748 | D:11     | Reached skill level 11 in Necromancy
 10748 | D:11     | Reached XP level 10. HP: 36/86 MP: 13/13
 10772 | D:10     | Entered Level 10 of the Dungeon
 10814 | D:10     | Paralysed by a hornet for 2 turns
 10819 | D:10     | HP: 9/86 [gargoyle/stone arrow (20)]
 10898 | D:10     | You pick up a book of the Wilderness and begin reading...
 10898 | D:10     | You add the spells Summon Forest, Summon Mana Viper and
                  | Summon Cactus Giant to your library.
 10931 | D:10     | Found a staircase to the Orcish Mines.
 10999 | D:10     | HP: 5/86 [orc warrior/+0 glaive (22)]
 11110 | D:11     | Noticed a cyclops
 11172 | D:10     | Noticed Gastronok
 11183 | D:10     | Noticed a two-headed ogre
 11368 | D:6      | Noticed Blork the orc
 11369 | D:6      | Noticed Edmund
 11379 | D:6      | Your ally Blork the orc died
 11384 | D:6      | Killed Edmund
 11505 | D:6      | Reached skill level 1 in Spellcasting
 11763 | D:6      | Reached skill level 12 in Necromancy
 11820 | D:6      | Reached skill level 2 in Spellcasting
 12180 | D:9      | HP: 21/86 [acid dragon (3)]
 12183 | D:9      | Noticed Amaemon
 12197 | D:9      | Killed Amaemon
 12198 | D:9      | Reached skill level 8 in Fighting
 12400 | D:9      | Reached skill level 1 in Maces & Flails
 12608 | D:9      | Reached skill level 2 in Maces & Flails
 12615 | D:9      | HP: 20/88 [poisoned by a gnoll sergeant]
 12620 | D:9      | HP: 10/88 [poisoned by a gnoll sergeant]
 12625 | D:9      | HP: 9/88 [poisoned by a gnoll sergeant]
 12779 | D:9      | Learned a level 6 spell: Death Channel
 12811 | D:9      | Found Gozag's Platinum Reserve.
 12874 | D:9      | Noticed a death yak
 12912 | D:9      | Killed a death yak
 12913 | D:9      | Reached skill level 3 in Maces & Flails
 13034 | D:9      | Noticed a death yak
 13039 | D:9      | Noticed a death yak
 13053 | D:9      | HP: 20/88 [river rat (7)]
 13058 | D:9      | Killed a death yak
 13059 | D:9      | Reached XP level 11. HP: 21/94 MP: 13/17
 13060 | D:9      | HP: 3/94 [death yak (20)]
 13164 | D:9      | Killed a death yak
 13165 | D:9      | Reached skill level 4 in Maces & Flails
 13269 | D:9      | Found a staircase to the Lair.
 13458 | D:10     | Killed a two-headed ogre
 13706 | D:10     | HP: 22/94 [poisoned by a killer bee]
 13708 | D:10     | Reached skill level 5 in Maces & Flails
 13711 | D:10     | HP: 14/94 [poisoned by a killer bee]
 13716 | D:10     | HP: 15/94 [poisoned by a killer bee]
 14050 | D:10     | Killed Gastronok
 14051 | D:10     | Reached skill level 13 in Necromancy
 14114 | D:10     | Noticed an orc knight
 14129 | D:10     | HP: 15/94 [orc warrior/+0 long sword[an orc knight] (15)]
 14131 | D:10     | Gained mutation: You are clumsy. (Dex -2) [potion of
                  | mutation]
 14132 | D:10     | Shot with a bolt by an orc knight

Vanquished Creatures
  Gastronok (D:10)
  A two-headed ogre (D:10)
  3 death yaks (D:9)
  Joseph (D:8)
  A gargoyle (D:10)
  An efreet (D:8)
  An orange demon (D:9)
  3 trolls
  A hornet (D:7)
  2 shadows
  A wraith (D:11)
  A yak (D:11)
  2 steam dragons (D:9)
  A warg (D:10)
  Edmund (D:6)
  A water moccasin (D:9)
  3 orc warriors
  4 sky beasts
  3 black bears
  2 centaurs
  2 phantoms
  2 kobold brigands
  5 bullfrogs
  A necrophage (D:7)
  4 scorpions
  A gnoll sergeant (D:9)
  A wight (D:8)
  4 killer bees (D:10)
  4 orc priests
  3 hounds
  A jelly (D:6)
  2 iguanas (D:5)
  6 orc wizards
  Ijyb (D:3)
  3 gnolls (D:9)
  2 river rats (D:9)
  7 adders
  2 worms (D:2)
  2 dart slugs (D:1)
  30 orcs
  5 endoplasms
  2 giant cockroaches
  8 hobgoblins
  2 jackals (D:3)
  6 quokkas
  9 ball pythons
  5 bats
  4 frilled lizards
  6 goblins
  19 kobolds
  6 rats
189 creatures vanquished.

Vanquished Creatures (collateral kills)
  A two-headed ogre (D:11)
  Amaemon (D:9)
  A troll (D:10)
  5 yaks (D:11)
  An acid dragon (D:9)
  A centaur (D:10)
  A kobold brigand (D:9)
  2 wights (D:8)
  6 killer bees
  A gnoll (D:9)
  2 river rats (D:9)
  2 orcs
  A quokka (D:9)
  2 kobolds (D:9)
27 creatures vanquished.

Vanquished Creatures (others)
  A freezing wraith (D:11)
  A troll (D:9)
  A hornet (D:10)
  An ice beast (D:5)
  A human (D:5)
  Blork the orc (D:6)
  2 wights (D:8)
  A killer bee (D:9)
  A hound (D:5)
  An orc (D:5)
  5 plants
16 creatures vanquished.

Grand Total: 232 creatures vanquished

Table legend:
 A = Non-vault XP
 B = Vault XP
 C = Vault XP percentage of total XP
 D = Non-vault monster count
 E = Vault monster count
 F = Vault count percentage of total count
                 A         B        C        D         E       F
            +---------+---------+-------+---------+---------+-------
      Total |   10686 |    6904 |  39.2 |     186 |      33 |  15.1
            +---------+---------+-------+---------+---------+-------
        D:1 |      37 |       7 |  15.9 |      20 |       4 |  16.7
        D:2 |      77 |       0 |   0.0 |      23 |       0 |   0.0
        D:3 |      71 |      33 |  31.7 |      19 |       1 |   5.0
        D:4 |     110 |       0 |   0.0 |       8 |       0 |   0.0
        D:5 |     593 |       0 |   0.0 |      15 |       0 |   0.0
        D:6 |    1047 |     185 |  15.0 |      18 |       2 |  10.0
        D:7 |    1075 |       0 |   0.0 |      15 |       0 |   0.0
        D:8 |    1038 |     445 |  30.0 |      19 |       1 |   5.0
        D:9 |    1568 |    3653 |  70.0 |      26 |      12 |  31.6
       D:10 |    2065 |    2581 |  55.6 |      12 |      13 |  52.0
       D:11 |    3005 |       0 |   0.0 |      11 |       0 |   0.0
            +---------+---------+-------+---------+---------+-------

Illustrated notes

Table legend:
 A = Kills in this place as a percentage of kills in entire the game.
 B = Kills by you in this place as a percentage of kills by you in the entire game.
 C = Kills by friends in this place as a percentage of kills by friends in the entire game.
 D = Other kills in this place as a percentage of other kills in the entire game.
 E = Experience gained in this place as a percentage of experience gained in the entire game.
 F = Experience gained in this place divided by the number of levels of this place that you have seen.
                   A       B       C       D       E      F
               +-------+-------+-------+-------+-------+----------------------
         Total | 100.0 | 100.0 | 100.0 | 100.0 | 100.0 | 1465.8
       Dungeon | 100.0 | 100.0 | 100.0 | 100.0 | 100.0 | 1465.8
               +-------+-------+-------+-------+-------+----------------------

Table legend: (Time is in decaauts)
 A = Elapsed time spent in this place.
 B = Non-inter-level travel time spent in this place.
 C = Inter-level travel time spent in this place.
 D = Time resting spent in this place.
 E = Time spent auto-exploring this place.
 F = Levels seen in this place.
 G = Mean time per level.
                   A        B        C        D        E       F      G
               +--------+--------+--------+--------+--------+-----+--------+
         Total |  14302 |  13761 |    541 |   3861 |   7445 |  12 | 1191.8 |
       Dungeon |  14302 |  13761 |    541 |   3861 |   7445 |  12 | 1191.8 |
               +--------+--------+--------+--------+--------+-----+--------+

Top non-repeatable levels by time:
     D:2: 1896 daAuts
     D:7: 1883 daAuts
     D:8: 1827 daAuts
     D:5: 1724 daAuts
     D:1: 1444 daAuts
     D:9: 1190 daAuts
     D:3: 1120 daAuts
    D:10: 1000 daAuts
     D:6: 973 daAuts
     D:4: 634 daAuts
    D:11: 576 daAuts
    D:12: 30 daAuts
